 Dungeon Crawl Stone Soup version 0.29.0-4-gdea44cf6ec (webtiles) character file.

Game seed: 10167320509026234738

118 qw the Chopper (level 5, -2/30 HPs)
             Began as a Tengu Warper on Aug 28, 2022.
             Slain by Grinder (6 damage)
             ... on level 3 of the Dungeon.
             The game lasted 00:00:19 (3104 turns).

qw the Chopper (Tengu Warper)                       Turns: 3104, Time: 00:00:19

Health: -2/30      AC:  5    Str: 13    XL:     5   Next: 2%
Magic:  9/9        EV: 13    Int: 13    God:
Gold:   129        SH:  0    Dex: 14    Spells: 8/8 levels left

rFire   . . .      SeeInvis .   Y - +0 hand axe
rCold   . . .      Faith    .   (no shield)
rNeg    . . .      Spirit   .   i - +0 ring mail
rPois   .          Reflect  .   (helmet restricted)
rElec   .          Harm     .   (no cloak)
rCorr   .          Rampage  .   (no gloves)
Will    .....                   (boots unavailable)
Stlth   +.........              (no amulet)
HPRegen 0.10/turn               (no ring)
MPRegen 0.11/turn               (no ring)

@: flying quickly and evasively, quick
A: beak, talons 3, nimble flight
a: no special abilities


You were on level 3 of the Dungeon.
You visited 1 branch of the dungeon, and saw 3 of its levels.

You collected 129 gold pieces.


Innate Abilities, Weirdness & Mutations

You have a beak for a mouth.
You have claws for feet.
Your magical nature lets you fly swiftly and evasively.


   Skills:
 - Level 2.0 Fighting
 + Level 5.5 Axes
 - Level 1.0 Throwing
 - Level 1.1 Armour
 - Level 2.1 Dodging
 - Level 2.0 Spellcasting
 - Level 2.4 Translocations


You had 8 spell levels left.
You didn't know any spells.
Your spell library contained the following spells:

 Spells                   Type           Power      Damage    Failure   Level
 Blink                    Tloc           14%        N/A       30%         2
 Gell's Gravitas          Tloc           7%         N/A       52%         3
 Lesser Beckoning         Tloc           7%         N/A       52%         3
 Teleport Other           Tloc           7%         N/A       52%         3
 Manifold Assault         Tloc           7%         N/A       99%         5

Inventory:

Hand Weapons
 g - a +0 flail
 Y - a +0 hand axe (weapon)
Armour
 i - a +0 ring mail (worn)
Jewellery
 a - the ring of Vistango {rC- rN+++ Will- rCorr MP+9}
   (You acquired it on level 1 of the Dungeon)

   [ring of magical power]

   rC:        It makes you vulnerable to cold.
   rN:        It renders you almost immune to negative energy.
   MP:        It affects your magic capacity (+9).
   rCorr:     It protects you from acid and corrosion.
   Will:      It decreases your willpower.
Scrolls
 d - a scroll of identify
Potions
 e - a potion of might
 f - a potion of curing
 h - a potion of degeneration {unknown}
 l - a potion of lignification {unknown}

Dungeon Overview and Level Annotations

Branches:
Dungeon (3/15)

Altars:

Shops:
D:2 (

Annotations:
D:3 Grinder


Message History

There is a stone staircase leading down here.
You see here a potion of berserk rage.
You start resting.
HP restored.
Done exploring.
(D) Dungeon
Where to? (* - list waypoints, Enter - D:3, ? - help)
What level of the Dungeon? (default 1, ? - help)
You fly downwards.
Level annotation: Grinder
There is a stone staircase leading up here.
Grinder is nearby!
You hit Grinder. Your kick misses Grinder.
Grinder is moderately wounded.
Grinder hits you!
You hit Grinder. You claw Grinder.
Grinder is heavily wounded.
Grinder gestures at you.
You suddenly lose the ability to move!
Grinder hits you.
You writhe in agony.
Grinder says, "Don't move a muscle."
Grinder hits you.
You writhe in agony.
You can move again.
You hit Grinder. Your kick misses Grinder.
Grinder is heavily wounded.
Grinder misses you.
You barely miss Grinder. Your kick misses Grinder.
Grinder is heavily wounded.
Grinder hits you.
You writhe in agony.
Grinder hits you but does no damage.
You hit Grinder.
Grinder is severely wounded.
Grinder barely misses you.
You hit Grinder but do no damage.
Grinder is severely wounded.
Grinder blinks!
Grinder hits you but does no damage.
You hit Grinder but do no damage.
Grinder is severely wounded.
Grinder hits you.
You writhe in agony.
You die...

###### #....# .# ##########
#....# ?.. #........# #...>#
#.# #........# #....######
#..##........# ##....##...#
#.......ยค.<.###..........#
#####.......@.%........##...#
#......#......5.#.##....######
####.####.......##...#........#
.......#...)##.....#.......##.#
..........###...#....########.#
.......#.## #.....#### #.##
.......#.####.##.## #..#
.......#.##...##.## ###.#
..............##..# ######...#


You could see Grinder.

Vanquished Creatures
  A hound (D:3)
  2 adders (D:2)
  2 worms (D:2)
  2 dart slugs (D:2)
  An orc (D:2)
  4 ball pythons
  6 endoplasms
  2 giant cockroaches (D:1)
  8 goblins
  2 hobgoblins (D:1)
  8 jackals
  2 quokkas (D:1)
  4 bats
  2 frilled lizards
  6 kobolds
  3 rats (D:1)
55 creatures vanquished.

Vanquished Creatures (others)
  A withered plant (D:3)
1 creature vanquished.

Grand Total: 56 creatures vanquished

Notes
Turn   | Place    | Note
-------+----------+-------------------------------------------
     0 | D:1      | qw the Tengu Warper began the quest for the Orb.
     0 | D:1      | Reached XP level 1. HP: 12/12 MP: 4/4
     0 | D:1      | 0 ||| qw: Version: 0.1-a-89-g26bdef1
     0 | D:1      | 0 ||| qw: Game counter: 327
     0 | D:1      | 0 ||| qw: Always use a shield: true
     0 | D:1      | 0 ||| qw: God list: Okawaru
     0 | D:1      | 0 ||| qw: Allow faded altars: false
     0 | D:1      | 0 ||| qw: Do Orc after D:15 true
     0 | D:1      | 0 ||| qw: Do second Lair branch before Depths: true
     0 | D:1      | 0 ||| qw: Lair rune preference: random
     0 | D:1      | 0 ||| qw: Plans: Normal
     0 | D:1      | 0 ||| PLANNING D:1-11
    77 | D:1      | Reached skill level 3 in Axes
    77 | D:1      | Reached XP level 2. HP: 14/17 MP: 6/6
   226 | D:1      | 226 ||| Stepping ~*~*~tactically~*~*~ (stealth).
   561 | D:1      | 561 ||| UPGRADING to +0 ring mail.
   575 | D:1      | Reached XP level 3. HP: 13/21 MP: 7/7
   687 | D:1      | 687 ||| DROPPING +0 leather armour.
   848 | D:1      | 848 ||| DROPPING +0 club.
   931 | D:1      | 931 ||| READING scroll labelled RUEZUT PO UTHAVADU.
   932 | D:1      | 932 ||| READING scroll labelled XUWUXA IDUECHAY.
   933 | D:1      | 933 ||| READING scroll labelled CAPHEFFEOJ.
   934 | D:1      | 934 ||| READING scroll labelled HERUVE TAPUZIEHY.
   934 | D:1      | Identified a scroll of acquirement
   934 | D:1      | 934 ||| ACQUIRING ring of Vistango {rC- rN+++ Will- rCorr
                  | MP+9}
   934 | D:1      | Acquired the ring of Vistango {rC- rN+++ Will- rCorr MP+9}
   936 | D:1      | 936 ||| DRINKING 2 fuming golden potions.
   937 | D:1      | 937 ||| DROPPING scroll of blinking.
   965 | D:2      | 965 ||| Stepping ~*~*~tactically~*~*~ (stealth).
   967 | D:2      | 967 ||| Stepping ~*~*~tactically~*~*~ (hiding).
   975 | D:2      | Reached skill level 4 in Axes
  1319 | D:2      | Found Qeit's Weapon Shop.
  1397 | D:2      | 1397 ||| SHOPLISTING +2 vorpal mace (198 gold, have 64).
  1419 | D:2      | Reached XP level 4. HP: 11/26 MP: 8/8
  1419 | D:2      | 1419 ||| FLEEEEING.
  1420 | D:2      | 1420 ||| FLEEEEING.
  1421 | D:2      | 1421 ||| FLEEEEING.
  2379 | D:2      | Reached skill level 5 in Axes
  2499 | D:2      | 2499 ||| DROPPING +0 whip.
  2502 | D:2      | 2502 ||| READING 4 scrolls labelled GUAHIS JUAGUMO.
  2503 | D:2      | 2503 ||| DRINKING 3 purple potions.
  2504 | D:2      | 2504 ||| READING 3 scrolls of identify.
  2504 | D:2      | 2504 ||| IDENTIFYING green potion
  2505 | D:2      | 2505 ||| READING 2 scrolls of identify.
  2505 | D:2      | 2505 ||| IDENTIFYING yellow potion
  2506 | D:2      | 2506 ||| DROPPING 2 potions of attraction.
  2507 | D:2      | 2507 ||| DROPPING potion of flight.
  2562 | D:3      | 2562 ||| STAIRDANCE
  2741 | D:3      | Gained mutation: Your magical nature lets you fly swiftly
                  | and evasively. [Tengu growth]
  2741 | D:3      | Reached XP level 5. HP: 25/30 MP: 9/9
  2741 | D:3      | 2741 ||| FLEEEEING.
  2741 | D:3      | Noticed Grinder
  2742 | D:3      | 2742 ||| FLEEEEING.
  2743 | D:3      | 2743 ||| FLEEEEING.
  2744 | D:3      | 2744 ||| FLEEEEING.
  2745 | D:3      | 2745 ||| FLEEEEING.
  2746 | D:3      | 2746 ||| FLEEEEING.
  2747 | D:3      | 2747 ||| FLEEEEING.
  2751 | D:3      | 2751 ||| FLEEEEING.
  2752 | D:3      | 2752 ||| FLEEEEING.
  2753 | D:3      | 2753 ||| FLEEEEING.
  2754 | D:3      | 2754 ||| FLEEEEING.
  2755 | D:3      | 2755 ||| STAIRDANCE
  2790 | D:2      | 2790 ||| DRINKING 2 emerald potions.
  2895 | D:2      | 2895 ||| DROPPING potion of berserk rage.
  2898 | D:3      | 2898 ||| STAIRDANCE
  2917 | D:3      | 2917 ||| FLEEEEING.
  2920 | D:3      | 2920 ||| FLEEEEING.
  2921 | D:3      | 2921 ||| STAIRDANCE
  3096 | D:3      | Paralysed by Grinder for 3 turns
  3100 | D:3      | HP: 4/30 [Grinder (4)]
  3104 | D:3      | Slain by Grinder

Levels and vault maps discovered:
D:1:      moated_graveyard_arrival, layout_basic,
          chequers_serial_rivers_micro_b, kennysheep_minor_cross
D:2:      minmay_wonky_spiral, layout_basic, serial_shops,
          nicolae_shop_hallway_plus
D:3:      layout_rooms, ebering_ecumenical_altar_petrified,
          minmay_goblin_kobold_house, uniq_grinder

Skill      XL: |  1  2  3  4 |
---------------+-------------+-----
Axes           | 3 4 5 |  5.5
Fighting       | |  2.0
Throwing       | |  1.0
Armour         | |  1.1
Dodging        | |  2.1
Spellcasting   | |  2.0
Translocations | |  2.4

Action                   |  1- 3 |  4- 6 || total
-------------------------+-------+-------++-------
Melee: Hand axe          |    86 |    69 ||   155
       Kick              |    17 |    25 ||    42
       Peck              |     9 |    11 ||    20
       Punch             |       |     1 ||     1
Throw: Boomerang         |     7 |       ||     7
  Use: Scroll            |     4 |     3 ||     7
       Potion            |     1 |     2 ||     3
Armor: Leather armour    |    18 |       ||    18
       Ring mail         |     8 |    20 ||    28
Dodge: Dodged            |    50 |    27 ||    77

Table legend:
 A = Non-vault XP
 B = Vault XP
 C = Vault XP percentage of total XP
 D = Non-vault monster count
 E = Vault monster count
 F = Vault count percentage of total count
                 A         B        C        D         E       F
            +---------+---------+-------+---------+---------+-------
      Total |     163 |       6 |   3.6 |      52 |       3 |   5.5
            +---------+---------+-------+---------+---------+-------
        D:1 |      39 |       0 |   0.0 |      24 |       0 |   0.0
        D:2 |      77 |       6 |   7.2 |      24 |       3 |  11.1
        D:3 |      47 |       0 |   0.0 |       4 |       0 |   0.0
            +---------+---------+-------+---------+---------+-------
